 Dungeon Crawl Stone Soup version 0.14-a0-3350-g14ab857 (webtiles) character file.

229 HollowCharge the Chiller (level 4, 0/27 HPs)
             Began as a High Elf Ice Elementalist on Mar 18, 2014.
             Hit by a dart thrown by a kobold (1 damage)
             ... on Level 4 of the Dungeon.
             The game lasted 00:13:29 (2667 turns).

HollowCharge the Chiller (HEIE)                     Turns: 2667, Time: 00:13:29

HP   0/27        AC  3     Str  7      XL: 4   Next: 82%
MP   1/13        EV 13     Int 19      God:
Gold 104         SH  0     Dex 16      Spells:  3 memorised,  4 levels left

rFire  . . .     SeeInvis .     o - +0 short sword
rCold  . . .     Clarity  .     e - +1 robe
rNeg   . . .     Conserve .     k - +0 buckler
rPois  .         rCorr    .     (no helmet)
rElec  .         rRot     .     (no cloak)
SustAb . .       Spirit   .     (no gloves)
rMut   .         Warding  .     (no boots)
Saprov . . .     Stasis   .     (no amulet)
MR     .....                    (no ring)
                                (no ring)

@: confused, not resistant to hostile enchantments, very unstealthy
A: no striking features
a: no special abilities


You were on level 4 of the Dungeon.
You were hungry.

You visited 1 branch of the dungeon, and saw 4 of its levels.

You collected 104 gold pieces.

Inventory:

Hand weapons
 o - a +0,+0 short sword (weapon)
Armour
 e - a +1 robe (worn)
 k - a +0 buckler (worn)
Comestibles
 c - 2 bread rations
 d - an apricot
 h - an apple
 j - 2 rotting chunks of orc flesh
 n - a pear
Scrolls
 f - a scroll of enchant weapon I {unknown}
 m - a scroll of fog
 r - a scroll of blinking
Jewellery
 i - an uncursed ring of positive energy {unknown}
 v - an uncursed amulet of stasis
Potions
 a - a potion of curing
 g - a potion of brilliance
 l - 2 potions of heal wounds {unknown}
 s - a potion of restore abilities {unknown}
Books
 b - a book of Frost

   Spells                             Type                      Level
   *Freeze                            Ice                          1
   *Throw Frost                       Conjuration/Ice              2
   *Ozocubu's Armour                  Charms/Ice                   3
   Throw Icicle                       Conjuration/Ice              4
   Summon Ice Beast                   Ice/Summoning                4
   Condensation Shield                Ice                          4


   Skills:
 + Level 3.7 Dodging
 - Level 2.1 Stealth
 + Level 3.5 Spellcasting
 - Level 1.1 Conjurations
 + Level 4.2 Ice Magic


You had 4 spell levels left.
You knew the following spells:

 Your Spells              Type           Power        Failure   Level  Hunger
a - Freeze                Ice            ###.         3%          1    None
b - Throw Frost           Conj/Ice       ##....       10%         2    ##.....
c - Ozocubu's Armour      Chrm/Ice       ##........   28%         3    ###....


Dungeon Overview and Level Annotations

Branches:
Dungeon (4/15)
 Temple: D:4-7

Altars:

Shops:
D:4 [


Message History

Confirm with . or Enter, or press ? or * to list all spells.
Aiming: Throw Frost
Press: ? - help, Shift-Dir - straight line, f/p - orc
Aim: an orc, wielding a flail The puff of frost misses the orc.
Something hits you.
* * * LOW HITPOINT WARNING * * *
Something hits you but does no damage.
There is an open door here.
You hear some strange, mumbled words.
You are confused.
There is a stone staircase leading down here.
In your confused state, you trip and fall down the stairs.
* * * LOW HITPOINT WARNING * * *
You climb downwards.
A kobold comes into view. It is wielding a dagger.
The kobold shouts!
Found a robe.
Found Qenuw's Armour Boutique.
There is a stone staircase leading up here.
The kobold throws a dart.
The dart hits you!
You die...

#### #.@#
#......#
#[.........
#.....#.∩.#
+...... ...
#......# #
#....K.#
#......#
...


You could see a kobold.

Vanquished Creatures
  4 gnolls
  3 adders
  An inept item mimic (D:2)
  A worm (D:2)
  4 orcs (D:3)
  A giant cockroach (D:2)
  3 goblins
  4 hobgoblins
  3 jackals (D:2)
  2 quokkas (D:2)
  6 bats
  2 giant geckos (D:3)
  2 giant newts (D:3)
  4 kobolds
  5 rats
45 creatures vanquished.

Notes
Turn   | Place    | Note
--------------------------------------------------------------
     0 | D:1      | HollowCharge, the High Elf Ice Elementalist, began the quest for the Orb.
     0 | D:1      | Reached XP level 1. HP: 11/11 MP: 4/4
   416 | D:1      | Reached XP level 2. HP: 13/17 MP: 1/6
   623 | D:1      | Learned a level 2 spell: Throw Frost
  1000 | D:2      | Reached XP level 3. HP: 21/21 MP: 2/8
  1481 | D:2      | Reached XP level 4. HP: 25/27 MP: 3/12
  1488 | D:2      | Reached skill level 4 in Ice Magic
  1765 | D:2      | Learned a level 3 spell: Ozocubu's Armour
  2666 | D:4      | HP: 1/27 [fell downstairs (1)]
  2666 | D:4      | Found Qenuw's Armour Boutique.
  2667 | D:4      | Hit by a dart thrown by a kobold

Action                   |  1- 3 |  4- 6 || total
-------------------------+-------+-------++-------
Melee: Short sword       |    20 |    15 ||    35
       Unarmed           |     1 |       ||     1
 Cast: Freeze            |    28 |    16 ||    44
       Throw Frost       |    14 |    20 ||    34
       Ozocubu's Armour  |       |     1 ||     1
  Use: Scroll            |       |     8 ||     8
       Potion            |       |     1 ||     1
 Stab: Sleeping          |       |     1 ||     1
